 Dungeon Crawl Stone Soup version 0.27.1-34-g3ba077fa99 (webtiles) character file.

Game seed: 7593509338521396636

671 comborobin the Cleaver (level 7, -2/63 HPs)
             Began as a Hill Orc Delver on Jan 6, 2022.
             Was a Follower of the Shining One.
             Slain by an ogre (23 damage)
             ... on level 5 of the Dungeon.
             The game lasted 00:04:26 (5362 turns).

comborobin the Cleaver (Hill Orc Delver)            Turns: 5362, Time: 00:04:27

Health: -2/63      AC: 11    Str: 17    XL:     7   Next: 58%
Magic:  7/7        EV:  9    Int: 10    God:    the Shining One [*.....]
Gold:   166        SH:  0    Dex: 12    Spells: 6/6 levels left

rFire    . . .     SeeInvis .   a - +0 war axe
rCold    + . .     Faith    .   (no shield)
rNeg     . . .     Spirit   .   q - +0 plate armour
rPois    .         Reflect  .   (no helmet)
rElec    .         Harm     .   (no cloak)
rCorr    .         Rampage  .   (no gloves)
Will     .....                  (no boots)
Stlth    ..........             (no amulet)
HPRegen  0.20/turn              d - +4 ring of evasion
MPRegen  0.10/turn              m - ring of protection from cold

@: glowing
A: no striking features
a: Renounce Religion


You were on level 5 of the Dungeon.
You worshipped the Shining One.
The Shining One was aware of your devotion.
You visited 1 branch of the dungeon, and saw 6 of its levels.

You collected 166 gold pieces.

Inventory:

Hand Weapons
 a - a +0 war axe (weapon)
 f - a +0 hand axe
 i - a +0 flail
 x - a +0 halberd
Missiles
 u - 27 poisoned darts (quivered)
Armour
 b - a +0 leather armour
 j - a +0 ring mail
 n - a +0 chain mail
 q - a +0 plate armour (worn)
 y - a +2 robe of willpower
Jewellery
 d - a +4 ring of evasion (left hand)
 m - a ring of protection from cold (right hand)
Wands
 g - a wand of digging (3)
 p - a wand of iceblast (6)
 v - a wand of paralysis (12)
 D - a wand of charming (4)
Scrolls
 c - a scroll of fog
 e - 2 scrolls of teleportation {unknown}
 h - 2 scrolls of enchant weapon {unknown}
 k - 2 scrolls of summoning {unknown}
 l - a scroll of amnesia {unknown}
 r - 3 scrolls of identify {unknown}
 t - a scroll of blinking {unknown}
 w - 3 scrolls of magic mapping
 A - a scroll of silence {unknown}
Potions
 o - a potion of invisibility {unknown}
 s - 2 potions of mutation {unknown}
 z - 2 potions of curing {unknown}
 B - 3 potions of attraction {unknown}
 C - a potion of ambrosia {unknown}


   Skills:
 + Level 6.0 Fighting
 * Level 8.0 Axes
 + Level 3.8 Armour
 - Level 1.5 Dodging
 - Level 4.1 Stealth


You had 6 spell levels left.
You didn't know any spells.
Your spell library contained the following spells:

 Spells                   Type           Power      Damage    Failure   Level
 Sting                    Tmut/Pois      0%         1d3       100%        1
 Summon Small Mammal      Summ           0%         N/A       100%        1
 Poisonous Vapours        Pois/Air       0%         N/A       100%        2
 Call Canine Familiar     Summ           0%         N/A       100%        3
 Summon Guardian Golem    Hex/Summ       0%         N/A       100%        3
 Olgreb's Toxic Radiance  Pois           0%         N/A       100%        4


Dungeon Overview and Level Annotations

Branches:
Dungeon (6/15)
 Temple: D:4-7

Altars:
Qazlal
Xom
The Shining One

Annotations:
D:5 2 runed translucent doors, zeram's ghost, amateur SpFi


Message History

The centaur skeleton is moderately damaged.
The centaur skeleton hits you but does no damage.
The centaur skeleton kicks you but does no damage.
The centaur skeleton closely misses you.
The centaur skeleton kicks you.
You slash the centaur skeleton!
The centaur skeleton is heavily damaged.
The centaur skeleton hits you but does no damage.
The centaur skeleton kicks you but does no damage.
You hit the centaur skeleton.
The centaur skeleton is heavily damaged.
The centaur skeleton hits you but does no damage.
The centaur skeleton kicks you but does no damage.
The centaur skeleton hits you but does no damage.
The centaur skeleton completely misses you.
You slash the centaur skeleton!
The centaur skeleton is almost destroyed.
The centaur skeleton barely misses you. x2
You slash the centaur skeleton!
You destroy the centaur skeleton!
The Shining One accepts your kill.
Your Axes skill increases to level 8!
An ogre is nearby!
An ogre is nearby!
An ogre is nearby!
The ogre shouts!
You hit the ogre.
The ogre is moderately wounded.
The ogre hits you with a +0 giant club!
You hit the ogre.
The ogre is heavily wounded.
The ogre hits you with a +0 giant club!!
You are too injured to fight recklessly!
You slash the ogre!
The ogre is severely wounded.
The ogre hits you with a +0 giant club.
You hit the ogre.
The ogre is almost dead.
The ogre hits you with a +0 giant club!!
You die...

.............#### *,,,,,,,,,,,*
................# *,..........#
................# *#.#........#
.....######.....# #.#........#
####..#####.....# #.#........#
#.........#.....# #..........#
#.........#.....# #..........###
#.........#.....####.............
#.........#.....@O.............##
#.........#....................#.
#.........#....................#.
......#'#......(...............#.
........'............>########.#.
......#.#.......#.####### #.#(
......#..##.............# #.#.
......##.##....⌠...⌠....# #.#.
......##.##.............# #.#.


You could see an ogre.

Vanquished Creatures
  A sky beast (D:4)
  A necrophage (D:5)
  A phantom (D:4)
  A jelly (D:4)
  An orc priest (D:4)
  A gnoll shaman (D:5)
  2 centaur skeletons (D:5)
  Jessica (D:2)
  An orc wizard (D:4)
  A hound zombie (D:5)
  5 gnolls
  6 adders
  An ufetubus (D:2)
  4 worms
  A dart slug (D:5)
  9 orcs
  8 ball pythons
  2 bats (D:2)
  5 endoplasms
  2 giant cockroaches
  8 goblins
  5 hobgoblins
  2 jackals (D:2)
  7 kobolds
  2 quokkas
  4 frilled lizards (D:1)
  6 rats
88 creatures vanquished.

Notes
Turn   | Place    | Note
-------+----------+-------------------------------------------
     0 | D:5      | comborobin the Hill Orc Delver began the quest for the Orb.
     0 | D:5      | Reached XP level 1. HP: 19/19 MP: 1/1
     4 | D:5      | Noticed an ogre
    23 | D:6      | Noticed a wight
    84 | D:4      | Noticed a phantom
   113 | D:5      | Noticed a gnoll shaman
   177 | D:6      | Reached skill level 3 in Axes
   214 | D:6      | Reached XP level 2. HP: 5/27 MP: 2/2
   733 | D:5      | Noticed a necrophage
   761 | D:5      | Reached skill level 4 in Axes
   761 | D:5      | Reached XP level 3. HP: 27/33 MP: 3/3
   778 | D:5      | Reached skill level 1 in Armour
   778 | D:5      | Reached XP level 4. HP: 18/41 MP: 4/4
   888 | D:5      | Killed a necrophage
   889 | D:5      | Reached skill level 5 in Axes
   889 | D:5      | Reached XP level 5. HP: 18/47 MP: 5/5
  1149 | D:5      | Noticed an ogre
  1199 | D:4      | Killed a phantom
  1200 | D:4      | Reached skill level 5 in Fighting
  1200 | D:4      | Reached skill level 6 in Axes
  1200 | D:4      | Reached XP level 6. HP: 19/56 MP: 6/6
  1496 | D:4      | Noticed a sky beast
  1537 | D:4      | Killed a sky beast
  1927 | D:4      | Reached skill level 7 in Axes
  2286 | D:3      | Reached XP level 7. HP: 61/61 MP: 7/7
  3126 | D:3      | Found a shimmering altar of Xom.
  3126 | D:3      | Found a faded altar of an unknown god.
  3134 | D:3      | Found a stormy altar of Qazlal.
  3138 | D:3      | Found a glowing golden altar of the Shining One.
  3139 | D:3      | Found a faded altar of an unknown god.
  3144 | D:3      | Became a worshipper of the Shining One
  3566 | D:2      | Noticed Jessica
  3573 | D:2      | Killed Jessica
  4875 | D:5      | Reached * piety under the Shining One
  4960 | D:5      | Found a runed translucent door.
  4961 | D:5      | Noticed zeram's ghost (amateur SpFi)
  5287 | D:5      | Found a runed translucent door.
  5348 | D:5      | Reached skill level 8 in Axes
  5362 | D:5      | Slain by an ogre

Illustrated notes

Levels and vault maps discovered:
D:1:      nagdon_arrival_double_spiral, layout_loops_ring
D:2:      layout_basic, uniq_jessica
D:3:      layout_loops_ring, chequers_temple_overflow_minitemple
D:4:      layout_gridville
D:5:      lemuel_ice_spiral_2, layout_basic, gammafunk_ghost_grave,
          grunt_ministairs_2, lightli_church_of_beogh
D:6:      layout_basic, kennysheep_mini, kennysheep_mini_moat,
          minmay_temple_entry_waves, serial_shops, shop_coins

Skill      XL: |  1  2  3  4  5  6  7 |
---------------+----------------------+-----
Axes           | 3 4 5 6 7 8 |  8.0
Fighting       | 4 5 6 |  6.0
Armour         | 1 2 3 |  3.8
Dodging        | |  1.5
Stealth        | |  4.1

Action                   |  1- 3 |  4- 6 |  7- 9 || total
-------------------------+-------+-------+-------++-------
Melee: Hand axe          |    31 |       |       ||    31
       War axe           |     7 |    96 |   189 ||   292
  Use: Scroll            |     1 |     1 |       ||     2
       Potion            |     1 |       |       ||     1
 Stab: Sleeping          |     1 |     1 |       ||     2
Armor: Leather armour    |     3 |       |       ||     3
       Ring mail         |     1 |    24 |       ||    25
       Chain mail        |       |    13 |     3 ||    16
       Plate armour      |       |       |   129 ||   129
Dodge: Dodged            |    35 |    75 |    89 ||   199
